 Dungeon Crawl Stone Soup version 0.22-a0-322-g60b3cfd402 (webtiles) character file.

193 Oravi the Changer (level 5, -1/37 HPs)
             Began as a Merfolk Transmuter on Apr 1, 2018.
             Killed from afar by an orc wizard (8 damage)
             ... with a magic dart
             ... on level 3 of the Dungeon.
             The game lasted 00:12:58 (2616 turns).

Oravi the Changer (Merfolk Transmuter)              Turns: 2616, Time: 00:13:11

Health: -1/37      AC:  2    Str: 10    XL:     5   Next: 72%
Magic:  5/8        EV: 23    Int: 14    God:
Gold:   106        SH:  0    Dex: 19    Spells: 2/8 levels left

rFire    . . .     SeeInvis .     - Unarmed
rCold    . . .     Gourm    .   (shield currently unavailable)
rNeg     . . .     Faith    .   (armour currently unavailable)
rPois    x         Spirit   .   (helmet currently unavailable)
rElec    .         Reflect  .   (cloak currently unavailable)
rCorr    .         Harm     .   (gloves currently unavailable)
MR       .....                  (boots currently unavailable)
Stlth    ++........             (no amulet)
HPRegen  0.12/turn              (no ring)
MPRegen  0.11/turn              (no ring)

@: spider-form, drained
A: tiny, (change form in water), (swift swim), (stealthy swim)
a: End Transformation


You were on level 3 of the Dungeon.
You were not hungry.
You were a venomous arachnid creature.
You visited 1 branch of the dungeon, and saw 3 of its levels.

You collected 106 gold pieces.

Inventory:

Missiles
 a - 46 arrows
Armour
 b - a +0 robe (melded)
Scrolls
 c - 2 scrolls of remove curse {unknown}
 e - a scroll of blinking {unknown}
 i - 3 scrolls of identify {unknown}
 j - a scroll of enchant armour {unknown}
 k - a scroll of teleportation {unknown}
 n - a scroll of noise {unknown}
 p - a scroll of magic mapping {unknown}
Potions
 f - 3 potions of curing {unknown}
 h - 2 potions of berserk rage {unknown}
 l - a potion of mutation {unknown}
 m - 2 potions of heal wounds {unknown}
 o - a potion of flight {unknown}
Comestibles
 d - 4 rations
 g - 6 chunks of flesh


   Skills:
 - Level 1.1(1.0) Fighting
 + Level 4.5(4.4) Dodging
 - Level 3.2(3.1) Unarmed Combat
 - Level 2.0(1.8) Spellcasting
 * Level 6.1(6.0) Transmutations
 * Level 1.8(1.7) Poison Magic


You had 2 spell levels left.
You knew the following spells:

 Your Spells              Type           Power        Failure   Level  Hunger
a - Beastly Appendage     Tmut           ###...       8%          1    ##.....
b - Sticks to Snakes      Tmut           ###.....     11%         2    ###....
c - Spider Form           Tmut/Pois      ##........   32%         3    ####...


Dungeon Overview and Level Annotations

Branches:
Dungeon (3/15)

Altars:
Zin

Annotations:
D:3 thing2's ghost, amateur OgMo


Message History

The orc misses you.
You barely miss the orc. You hit the orc.
The orc is almost dead.
The orc hits you with a trident.
* * * LOW HITPOINT WARNING * * *
You hit the orc.
You kill the orc!
You see here a chain mail.
You start resting.
An orc wizard comes into view. It is wielding a dagger.
The orc wizard shouts!
You hear a shout!
Casting: Beastly Appendage (safe; 1% risk of failure)
Confirm with . or Enter, or press ? or * to list all spells.
Your horns disappear.
You turn into a venomous arachnid creature.
Your +0 robe melds into your body.
The orc wizard casts a spell at you. The magic dart hits you!
You die...

#.#.........#
#......?....#####
...................
.##.#.....$($.###.#
#.#.......(.# .# #
#........(###.#.#
#...........)...#
##.###.####)#.#.#
#.#.)..s.o[# #
#)#.###### ...?.
.... ... #. .


You could see an orc wizard.

Vanquished Creatures
  Natasha (twice) (D:2)
  5 adders
  5 worms (D:2)
  3 dart slugs (D:1)
  3 leopard geckos
  3 orcs (D:3)
  2 ball pythons
  3 giant cockroaches
  10 goblins
  4 hobgoblins
  8 kobolds
  A quokka (D:2)
  16 bats
  5 frilled lizards
  11 rats
81 creatures vanquished.

Notes
Turn   | Place    | Note
-------+----------+-------------------------------------------
     0 | D:1      | Oravi the Merfolk Transmuter began the quest for the Orb.
     0 | D:1      | Reached XP level 1. HP: 15/15 MP: 3/3
     2 | D:1      | You fall through a shaft!
    32 | D:2      | Reached skill level 3 in Transmutations
    32 | D:2      | Reached XP level 2. HP: 13/21 MP: 5/5
   245 | D:2      | Learned a level 2 spell: Sticks to Snakes
   421 | D:2      | Reached skill level 4 in Transmutations
   427 | D:2      | Reached XP level 3. HP: 17/26 MP: 6/6
   587 | D:2      | Learned a level 3 spell: Spider Form
   697 | D:2      | Noticed Natasha
   705 | D:2      | Killed Natasha
   705 | D:2      | Reached skill level 5 in Transmutations
   705 | D:2      | Reached XP level 4. HP: 6/32 MP: 0/7
  1022 | D:2      | Noticed Natasha
  1029 | D:2      | Reached skill level 1 in Poison Magic
  1033 | D:2      | Killed Natasha
  1220 | D:1      | Reached XP level 5. HP: 30/37 MP: 6/8
  2211 | D:2      | Found a glowing silver altar of Zin.
  2385 | D:3      | Noticed thing2's ghost (amateur OgMo)
  2511 | D:3      | Reached skill level 6 in Transmutations
  2616 | D:3      | Killed from afar by an orc wizard

Vault maps used:
D:1:      roderic_chinese_lattice_arrival
D:2:      zin_treasury, uniq_natasha
D:3:      led_sif_pool

Skill      XL: |  1  2  3  4  5 |
---------------+----------------+-----
Dodging        | 3 4 |  4.5
Transmutations | 3 4 5 6 |  6.1
Poison Magic   | 1 |  1.8
Fighting       | |  1.1
Unarmed Combat | |  3.2
Spellcasting   | |  2.0

Action                   |  1- 3 |  4- 6 || total
-------------------------+-------+-------++-------
Melee: Unarmed           |    72 |   169 ||   241
       Headbutt          |    12 |    20 ||    32
       Punch             |       |     3 ||     3
 Cast: Beastly Appendage |     8 |    20 ||    28
       Spider Form       |     1 |     3 ||     4
  Use: Potion            |     1 |       ||     1
 Stab: Sleeping          |       |     2 ||     2
  Eat: Chunk             |       |     7 ||     7
Armor: Robe              |    12 |    46 ||    58
       Skin              |       |     3 ||     3
Dodge: Dodged            |    65 |   147 ||   212

Table legend:
 A = Spawn XP
 B = Non-spawn XP
 C = Spawn XP percentage of total XP
 D = Spawn monster count
 E = Non-spawn monster count
 F = Spawn count percentage of total count
 G = Total turns spent on level
                    A         B        C        D         E        F      G
               +---------+---------+-------+---------+---------+-------+---------
         Total |       0 |     276 |   0.0 |       0 |      81 |   0.0 |  2616
               +---------+---------+-------+---------+---------+-------+---------
           D:1 |       0 |      58 |   0.0 |       0 |      34 |   0.0 |   801
           D:2 |       0 |     181 |   0.0 |       0 |      34 |   0.0 |  1588
           D:3 |       0 |      37 |   0.0 |       0 |      13 |   0.0 |   227
               +---------+---------+-------+---------+---------+-------+---------
